 Dungeon Crawl Stone Soup version 0.29-a0-2-g12fcac58f8 (webtiles) character file.

Game seed: 10778366952220044805

252 bande the Covered (level 6, -9/58 HPs)
             Began as a Gargoyle Fighter on Jan 27, 2022.
             Killed by divine providence
             ... invoked by an orc priest
              (10 damage)
             ... on level 4 of the Dungeon.
             The game lasted 00:07:12 (3588 turns).

bande the Covered (Gargoyle Fighter)                Turns: 3588, Time: 00:07:13

Health: -9/58      AC: 23    Str: 19    XL:     6   Next: 13%
Magic:  6/6        EV:  2    Int:  9    God:
Gold:   121        SH:  4    Dex: 11    Spells: 5/5 levels left

rFire   . . .      SeeInvis +   k - +1 broad axe (flame)
rCold   . . .      Faith    .   c - +0 buckler
rNeg    + . .      Spirit   .   (armour currently unavailable)
rPois   ∞          Reflect  .   (helmet currently unavailable)
rElec   .          Harm     .   (cloak currently unavailable)
rCorr   .          Rampage  .   (gloves currently unavailable)
Will    .....      NoTele   +   (boots currently unavailable)
Stlth   +.........              (no amulet)
HPRegen 0.19/turn               f - ring of see invisible
MPRegen 0.10/turn               (no ring)

@: tree-form
A: stationary, stasis, torment immunity, boosted hp, sickness immunity, AC +4,
negative energy resistance 1, (electricity resistance), torment resistance 1,
petrification resistance
a: no special abilities


You were on level 4 of the Dungeon.
You were a tree.
You visited 1 branch of the dungeon, and saw 4 of its levels.

You collected 121 gold pieces.

Inventory:

Hand Weapons
 a - a +0 war axe
 k - a +1 broad axe of flaming (weapon)
Armour
 b - a +0 scale mail (melded)
 c - a +0 buckler (worn)
 g - a +0 pair of boots (melded)
 n - a +1 cloak (melded)
 o - a +0 hat (melded)
Jewellery
 f - a ring of see invisible (left branch)
Potions
 d - a potion of might
 h - a potion of attraction {unknown}
 i - a potion of haste {unknown}
 j - 2 potions of heal wounds {unknown}
 m - a potion of degeneration {unknown}
 p - a potion of experience {unknown}
 q - a potion of curing {unknown}


   Skills:
 + Level 4.4 Fighting
 + Level 3.9 Axes
 + Level 4.5 Armour
 - Level 0.2 Dodging
 + Level 4.0 Shields


You had 5 spell levels left.
You didn't know any spells.
Your spell library contained the following spells:

 Spells                   Type           Power      Damage    Failure   Level
 Dazzling Flash           Conj/Hex       0%         N/A       83%         3
 Iskenderun's Mystic Bla  Conj/Tloc      0%         2d3       99%         4
 Starburst                Conj/Fire      0%         6d3       100%        6


Dungeon Overview and Level Annotations

Branches:
Dungeon (4/15)
 Temple: D:4-7

Altars:
Ashenzari

Shops:
D:2 *!:   D:3 (?:!!


Innate Abilities, Weirdness & Mutations

You are a tree.
Your roots penetrate the ground, keeping you stationary.
You cannot be teleported.
You are immune to unholy pain and torment.
Your maximum health is greatly increased.
Your equipment is partially melded.
You are immune to sickness and miasma.
((Your stone body is resilient. (AC +4)))
You are immune to poison.
You resist negative energy. (rN+)
((You are resistant to electric shocks. (rElec)))
You are resistant to unholy torment.
You are immune to petrification.


Message History

You kill the endoplasm!
No target in view!
No target in view!
No target in view!
No target in view!
Found a robe.
You see here a +0 robe.
An orc priest comes into view. It is wielding a +0 war axe.
The orc priest shouts!
You hear a shout! x2
The orc priest invokes the aid of Beogh against you.
Beogh smites you!
You hear a shout!
The orc priest begins to cast a cantrip, but forgets the words!
The orc priest hits you with a +0 war axe!
An orc priest comes into view. It is wielding a +0 hand axe.
You barely miss the orc priest. The orc priest barely misses you.
A giant cockroach comes into view.
The orc priest begins to cast a cantrip, but forgets the words!
The orc priest hits you but does no damage.
You slash the orc priest! You burn the orc priest.
The orc priest is severely wounded.
You block the orc priest's attack.
The orc priest mumbles some strange prayers to Beogh against you.
Beogh smites you!
* * * LOW HITPOINT WARNING * * *
You hear a shout!
It was a potion of lignification.
You turn into a tree.
Your +1 cloak melds into your body.
Your +0 hat melds into your body.
Your +0 pair of boots melds into your body.
Your +0 scale mail melds into your body.
Your roots penetrate the ground.
The orc priest calls down the wrath of Beogh upon you.
Beogh smites you!
* * * LOW HITPOINT WARNING * * *
You barely miss the orc priest.
The orc priest is severely wounded.
The orc priest hits you but does no damage.
The orc priest invokes the aid of Beogh against you.
Beogh smites you!
You die...

<#,,,,,,,**,,,,,,,,,,,,,,,**
*,*
.#,,,,,...,,*,******,*,***,**
*,* .#*#.#*#.#*,,,* *,,**
**,***,* .# #<#
#.#**###*****,** **,**,*
.###.# #.# #..,,,,,,* *,,,,,
...#.# #.# #..,,,,,,**
**,***, ##.#.# #.#
#.#******,** **,** *, #.#.#
#.####.#######..#**,** *,
#.#.###........♣oB.o...,,**
*,
##.#.....####.#######..#***
*, .....###.##.[...## *,,* *,
#..### #.#.......#* *,,* *,
#.## #....≈≈≈...#**,,* *, #.#
#...≈≈≈≈≈....,,,* *, #.#
##..≈≈♣≈≈....#*,* *, #.#
#..≈≈≈≈≈..#.#*,* *, #.#
♣...≈≈≈...♣##*,* *,


You could see 2 orc priests and a giant cockroach.

Vanquished Creatures
  Crazy Yiuf (D:2)
  An orc priest (D:3)
  A bullfrog skeleton (D:3)
  An orc wizard (D:3)
  3 adders
  An adder skeleton (D:4)
  5 worms
  A dart slug (D:1)
  4 orcs (D:3)
  7 ball pythons
  10 bats
  10 endoplasms
  3 giant cockroaches
  8 hobgoblins
  9 kobolds
  5 quokkas
  8 frilled lizards
  7 goblins
  6 rats
91 creatures vanquished.

Notes
Turn   | Place    | Note
-------+----------+-------------------------------------------
     0 | D:1      | bande the Gargoyle Fighter began the quest for the Orb.
     0 | D:1      | Reached XP level 1. HP: 14/14 MP: 1/1
   127 | D:1      | Reached XP level 2. HP: 16/19 MP: 2/2
   692 | D:1      | Reached XP level 3. HP: 24/24 MP: 3/3
  1063 | D:1      | Found a faded altar of an unknown god.
  1485 | D:2      | Found Mibexou's Book Boutique.
  1511 | D:2      | Found a broken altar of Ashenzari.
  1532 | D:2      | Found Ysimmuli's Assorted Antiques.
  1539 | D:2      | Identified a scroll of acquirement
  1539 | D:2      | Acquired a +1 broad axe of flaming
  1582 | D:2      | Found Vylemn's Distillery.
  1673 | D:2      | Reached XP level 4. HP: 27/29 MP: 4/4
  1871 | D:2      | Found a runed translucent door.
  1872 | D:2      | Noticed Crazy Yiuf
  2153 | D:2      | Killed Crazy Yiuf
  2262 | D:3      | Reached XP level 5. HP: 25/33 MP: 5/5
  2324 | D:3      | Found Doenyad's Magic Scroll Shop.
  2325 | D:3      | Found Ataib's Antique Weapon Shop.
  2753 | D:3      | Found Yqeel's Book Boutique.
  2855 | D:3      | Reached XP level 6. HP: 31/39 MP: 6/6
  3148 | D:3      | Found Koimaem's Distillery.
  3204 | D:3      | Found Xicsus's Distillery.
  3587 | D:4      | HP: 1/58 [orc priest/divine providence (12)]
  3588 | D:4      | Killed from afar by an orc priest

Illustrated notes

Levels and vault maps discovered:
D:1:      dpeg_arrival_rooms_c, layout_basic,
          ebering_ecumenical_altar_sacrificial, minmay_surrounded
D:2:      layout_rooms, basic_altar, serial_shops, nicolae_shop_crystal,
          nicolae_shop_competitors_out_of_business, shop,
          kennysheep_generic_room_16, uniq_crazy_yiuf_cottage
D:3:      minmay_chambers_of_threes, layout_basic, serial_shops,
          nicolae_shop_overgrown_old_shop, shop, shop, shop, shop,
          minmay_cut_off
D:4:      layout_loops_ring, elyvilon_altar_3, uniq_duvessa

Skill      XL: |  1  2  3  4  5  6 |
---------------+-------------------+-----
Axes           | 2 3 |  3.9
Fighting       | 4 |  4.4
Armour         | 4 |  4.5
Shields        | 4 |  4.0
Dodging        | |  0.2

Action                   |  1- 3 |  4- 6 || total
-------------------------+-------+-------++-------
Melee: War axe           |    97 |       ||    97
       Broad axe         |     2 |   111 ||   113
  Use: Scroll            |     3 |     3 ||     6
       Potion            |       |     1 ||     1
Armor: Scale mail        |    59 |    58 ||   117
       Skin              |       |     1 ||     1
Dodge: Dodged            |    53 |    58 ||   111
Block: Buckler           |    21 |    26 ||    47

Table legend: (Time is in decaauts)
 A = Elapsed time spent in this place.
 B = Non-inter-level travel time spent in this place.
 C = Inter-level travel time spent in this place.
 D = Time resting spent in this place.
 E = Time spent auto-exploring this place.
 F = Levels seen in this place.
 G = Mean time per level.
                   A        B        C        D        E       F      G
               +--------+--------+--------+--------+--------+-----+--------+
         Total |   3683 |   3493 |    190 |    433 |   2388 |   4 |  920.8 |
       Dungeon |   3683 |   3493 |    190 |    433 |   2388 |   4 |  920.8 |
               +--------+--------+--------+--------+--------+-----+--------+

Top non-repeatable levels by time:
     D:1: 1403 daAuts
     D:3: 1352 daAuts
     D:2: 867 daAuts
     D:4: 58 daAuts
